 Dungeon Crawl Stone Soup version 0.31-a0-876-gfe8ebadbca (webtiles) character file.

Game seed: 6368359531855461249

173 Azuregosa the Trooper (level 5, 0/42 HPs)
             Began as a Djinni Fighter on Oct 13, 2023.
             Slain by a howler monkey (2 damage)
             ... on level 4 of the Dungeon.
             The game lasted 00:13:04 (3160 turns).

Azuregosa the Trooper (Djinni Fighter)              Turns: 3160, Time: 00:13:04

Health: 0/42       AC:  9    Str: 15    XL:     5   Next: 83%
Gold:   273        EV: 10    Int: 12    God:
                   SH:  4    Dex: 12

rFire   + + .        j - +0 short sword (protect)
rCold   . . .        h - +0 buckler {rC+}
rNeg    . . .        (no body armour)
rPois   ∞            p - +0 helmet
rElec   .            (no cloak)
rCorr   .            v - +0 pair of gloves
SInv    .            (boots unavailable)
Will    .....        (no amulet)
Stlth   +            (no ring)
HPRegen 0.27/turn    (no ring)
MPRegen 0.00/turn

%: infuse magic (-1 HP)
@: under a protective aura, flying
A: sickness immunity, fire resistance 2, cold vulnerability 1, float, innate
caster, HP casting, extra vitality 1
a: no special abilities


You were on level 4 of the Dungeon.
You visited 1 branch of the dungeon, and saw 4 of its levels.

You collected 273 gold pieces.

Inventory:

Hand Weapons
 j - a +0 short sword of protection (weapon)
Missiles
 l - 4 poisoned darts
 r - a throwing net
 y - 5 boomerangs
Armour
 a - a +0 scale mail
 b - a +0 buckler
 h - a +0 buckler of cold resistance (worn)
 p - a +0 helmet (worn)
 v - a +0 pair of gloves (worn)
Talismans
 g - a flux talisman
 k - a blade talisman
Scrolls
 d - 2 scrolls of teleportation {unknown}
 e - a scroll of torment {unknown}
 n - a scroll of blinking {unknown}
 o - a scroll of vulnerability {unknown}
 q - 5 scrolls of identify {unknown}
 s - a scroll of noise {unknown}
 t - a scroll of fog {unknown}
 w - 2 scrolls of enchant weapon {unknown}
 x - a scroll of silence {unknown}
Potions
 c - a potion of might
 f - 5 potions of curing {unknown}
 i - a potion of brilliance {unknown}
 m - a potion of berserk rage {unknown}
 u - a potion of heal wounds {unknown}


   Skills:
 + Level 4.4 Fighting
 - Level 3.0 Armour
 + Level 3.8 Shields
 - Level 2.0 Unarmed Combat
 + Level 2.0 Spellcasting
 + Level 2.0 Conjurations
 + Level 2.0 Hexes
   Level 0.0 Charms
 + Level 2.0 Summonings
 + Level 2.0 Necromancy
 + Level 2.0 Translocations
 + Level 2.0 Transmutations
 + Level 2.0 Fire Magic
 + Level 2.0 Ice Magic
 + Level 2.0 Air Magic
 + Level 2.0 Earth Magic
 + Level 2.0 Poison Magic


You knew the following spells:

 Your Spells              Type           Power      Damage    Failure   Level
a - Freeze                Ice            24%        1d4       16%         1
b - Momentum Strike       Conj/Tloc      12%        3d8       22%         2
Your spell library was empty.

Dungeon Overview and Level Annotations

Branches:
Dungeon (4/15)
 Temple: D:4-7

Altars:


Innate Abilities, Weirdness & Mutations

You are immune to sickness and miasma.
You are immune to poison.
Your flesh is very heat resistant. (rF++)
You are vulnerable to cold. (rC-)
You float through the air rather than walking.
You learn spells naturally, not from books.
Your magical power is your life essence.
You have superior vitality. (+4 MHP)


Message History

You hit the howler monkey.
Your weapon exudes an aura of protection.
The howler monkey is severely wounded.
The howler monkey hits you.
* * * LOW HITPOINT WARNING * * *
Casting: Freeze (safe; 16% risk of failure)
Confirm with . or Enter, or press ? or * to list all spells.
Aiming: Freeze (safe; 16% risk of failure)
Press: ? - help, Shift-Dir - straight line, f/p - howler monkey
Aim: a howler monkey (severely wounded, catching its breath)
You freeze the howler monkey.
The howler monkey is almost dead.
* * * LOW HITPOINT WARNING * * *
The howler monkey hits you but does no damage. x2
Your magical contamination has completely faded away.
Casting: Freeze (safe; 16% risk of failure)
Confirm with . or Enter, or press ? or * to list all spells.
Aiming: Freeze (safe; 16% risk of failure)
Press: ? - help, Shift-Dir - straight line, f/p - howler monkey
Aim: a howler monkey (almost dead)
You freeze the howler monkey.
The howler monkey is almost dead.
* * * LOW HITPOINT WARNING * * *
You block the howler monkey's attack.
A dart slug comes into view.
You barely miss the howler monkey.
The howler monkey is almost dead.
The howler monkey hits you.
* * * LOW HITPOINT WARNING * * *
You closely miss the howler monkey.
The howler monkey is almost dead.
The howler monkey barely misses you.
You hit the howler monkey but do no damage.
Your weapon exudes an aura of protection.
The howler monkey is almost dead.
The howler monkey hoots and howls with incredible vigour! x2
You closely miss the howler monkey.
The howler monkey is almost dead.
The howler monkey hits you.
You die...

#.. ..#### .. ..
#.# #.....# # .
.# #.###.<...#
#.h#.# #
#.#.......#
#...$#.#
..#.#.....#
#.#..#.#
#.#.#.....#
#.#......
#......# #......#
..<...## ####.#
.##.#.# #.@hw#
....#.#### #.####
.###...#.## #.#
.##.....#.## #.#
.......###.####.#
###...## ##.....#
# ##...###.######
# ####.#.## ##.##


You could see a howler monkey (catching breath) and a dart slug.

Vanquished Creatures
  An orc priest (D:3)
  An iguana (D:4)
  4 adders
  2 worms
  A dart slug (D:1)
  6 orcs
  2 ball pythons
  8 endoplasms
  A giant cockroach (D:3)
  10 hobgoblins
  2 jackals (D:1)
  6 kobolds
  5 quokkas
  A bat (D:2)
  5 frilled lizards
  5 goblins
  6 rats
66 creatures vanquished.

Notes
Turn   | Place    | Note
-------+----------+-------------------------------------------
     0 | D:1      | Azuregosa the Djinni Fighter began the quest for the Orb.
     0 | D:1      | Reached XP level 1. HP: 20/20 MP: 0/0
   111 | D:1      | Reached XP level 2. HP: 19/25 MP: 0/0
   321 | D:1      | Reached skill level 1 in Spellcasting
   321 | D:1      | Reached skill level 1 in Conjurations
   321 | D:1      | Reached skill level 1 in Hexes
   321 | D:1      | Reached skill level 1 in Summonings
   321 | D:1      | Reached skill level 1 in Necromancy
   321 | D:1      | Reached skill level 1 in Translocations
   321 | D:1      | Reached skill level 1 in Transmutations
   321 | D:1      | Reached skill level 1 in Fire Magic
   321 | D:1      | Reached skill level 1 in Ice Magic
   321 | D:1      | Reached skill level 1 in Air Magic
   321 | D:1      | Reached skill level 1 in Earth Magic
   321 | D:1      | Reached skill level 1 in Poison Magic
   438 | D:1      | Reached XP level 3. HP: 30/30 MP: 0/0
   438 | D:1      | Learned a level 1 spell: Freeze
  1259 | D:2      | Reached XP level 4. HP: 32/37 MP: 0/0
  1596 | D:2      | Reached skill level 4 in Fighting
  2036 | D:3      | Reached XP level 5. HP: 27/41 MP: 0/0
  2036 | D:3      | Learned a level 2 spell: Momentum Strike
  3157 | D:4      | HP: 1/42 [howler monkey (4)]
  3160 | D:4      | Slain by a howler monkey

Illustrated notes

Levels and vault maps discovered:
D:1:      tarquinn_simple_flora_water_e, layout_basic
D:2:      layout_rooms, minmay_randomly_rotated_circles
D:3:      layout_basic
D:4:      layout_loops_cross, nemelex_dance_club_becter, uniq_eustachio

Skill      XL: |  1  2  3  4  5 |
---------------+----------------+-----
Spellcasting   | 1 2 |  2.0
Conjurations   | 1 2 |  2.0
Hexes          | 1 2 |  2.0
Summonings     | 1 2 |  2.0
Necromancy     | 1 2 |  2.0
Translocations | 1 2 |  2.0
Transmutations | 1 2 |  2.0
Fire Magic     | 1 2 |  2.0
Ice Magic      | 1 2 |  2.0
Air Magic      | 1 2 |  2.0
Earth Magic    | 1 2 |  2.0
Poison Magic   | 1 2 |  2.0
Fighting       | 4 |  4.4
Armour         | |  3.0
Shields        | |  3.8
Unarmed Combat | |  2.0

Action                     |  1- 3 |  4- 6 || total
---------------------------+-------+-------++-------
  Melee: Unarmed           |   136 |       ||   136
         Short sword       |    57 |   202 ||   259
   Cast: Freeze            |     6 |    31 ||    37
   Stab: Sleeping          |       |     1 ||     1
 Armour: Scale mail        |    77 |       ||    77
         Skin              |    39 |   161 ||   200
  Dodge: Dodged            |    68 |    97 ||   165
  Block: Buckler           |    21 |    54 ||    75

Table legend: (Time is in decaauts)
 A = Elapsed time spent in this place.
 B = Non-inter-level travel time spent in this place.
 C = Inter-level travel time spent in this place.
 D = Time resting spent in this place.
 E = Time spent auto-exploring this place.
 F = Levels seen in this place.
 G = Mean time per level.
                   A        B        C        D        E       F      G
               +--------+--------+--------+--------+--------+-----+--------+
         Total |   3175 |   3149 |     26 |    670 |   1397 |   4 |  793.8 |
       Dungeon |   3175 |   3149 |     26 |    670 |   1397 |   4 |  793.8 |
               +--------+--------+--------+--------+--------+-----+--------+

Top non-repeatable levels by time:
     D:3: 1094 daAuts
     D:2: 1047 daAuts
     D:1: 957 daAuts
     D:4: 75 daAuts
